 Dungeon Crawl Stone Soup version 0.31-a0-1370-gf52a5a9ab3 (webtiles) character file.

Game seed: 9174552485670868100

63 jestert79 the Cudgeller (level 4, -2/28 HPs)
             Began as a Kobold Berserker on Dec 23, 2023.
             Was a Believer of Trog.
             Slain by Natasha (8 damage)
             ... on level 2 of the Dungeon.
             The game lasted 00:03:34 (2028 turns).

jestert79 the Cudgeller (Kobold Berserker)          Turns: 2028, Time: 00:03:36

Health: -2/28      AC:  3    Str: 16    XL:     4   Next: 31%
Magic:  4/4        EV: 14    Int:  8    God:    Trog [**....]
Gold:   137        SH:  5    Dex: 14    Spells: 3/3 levels left

rFire   . . .        a - +0 flail
rCold   . . .        (no shield)
rNeg    . . .        b - +0 animal skin
rPois   .            (no helmet)
rElec   .            (no cloak)
rCorr   .            (no gloves)
SInv    .            k - +0 pair of boots
Will    .....        f - amulet of reflection
Stlth   ++           (no ring)
HPRegen 0.24/turn    (no ring)
MPRegen 0.09/turn

%: reflection
@: slowed, very slow
A: small, no large weapons, nightstalker 3
a: Renounce Religion, Berserk, Trog's Hand


You were on level 2 of the Dungeon.
You worshipped Trog.
Trog was pleased with you.
You visited 1 branch of the dungeon, and saw 2 of its levels.

You collected 151 gold pieces.
You spent 14 gold pieces at shops.

Inventory:

Hand Weapons
 a - a +0 flail (weapon)
Missiles
 j - 3 poisoned darts
 m - 22 stones
Armour
 b - a +0 animal skin (worn)
 k - a +0 pair of boots (worn)
Jewellery
 f - an amulet of reflection (around neck)
Scrolls
 c - 3 scrolls of poison {unknown}
 d - a scroll of acquirement {unknown}
 g - a scroll of revelation {unknown}
 h - a scroll of noise
 i - a scroll of teleportation {unknown}
Potions
 e - a potion of enlightenment {unknown}
 l - a potion of heal wounds {unknown}


   Skills:
 - Level 3.2 Fighting
 + Level 4.4 Maces & Flails
 - Level 1.5 Armour
 - Level 2.4 Dodging


You had 3 spell levels left.
You didn't know any spells.
Your spell library was empty.

Dungeon Overview and Level Annotations

Branches:
Dungeon (2/15)

Altars:

Shops:
D:1 *

Annotations:
D:2 Natasha


Innate Abilities, Weirdness & Mutations

You are small and have problems with some larger weapons.
You are completely attuned to the shadows.


Message History

You hit the quokka but do no damage. The quokka closely misses you.
The quokka bites you.
You closely miss the quokka. The quokka closely misses you.
You closely miss the quokka. The quokka closely misses you.
The quokka bites you.
You sock the quokka!
You kill the quokka!
Trog accepts your kill.
No target in view!
No target in view!
No target in view!
m - 22 stones (gained 9) Natasha, Servant of Life and Death comes into view.
Natasha hisses angrily.
Natasha casts a spell at you. The magic dart hits you.
Natasha is nearby!
Natasha is nearby!
Natasha is nearby!
You start resting.
Natasha is nearby!
You block Natasha's attack.
You closely miss Natasha.
Natasha stares at you and mumbles some strange words.
You feel yourself slow down.
You sock Natasha!
Natasha is severely wounded.
Natasha stares at you and mumbles some strange words.
You feel as though you will be slow longer.
Natasha claws you.
You hit Natasha.
Natasha is almost dead.
Natasha claws you! Natasha barely misses you.
You completely miss Natasha.
Natasha is almost dead.
Natasha claws you!
* * * LOW HITPOINT WARNING * * *
Natasha claws you!
You die...
Natasha begins licking her fur clean.

###### ## #....##
#. # #.##..###
###.
##P#.###...#######
##.#. #..#.#
###.h...... #P.#.
#..#.# #@##..###
...#. #Pb#.#
#.##..# ...#.
##P#.## #.##..#
.P.#. # #.†##
#.##.h. ...##
####...###.##....
....P #...........
#P.## ......... #.
#.......# #.
##....... #.


You could see Natasha.

Vanquished Creatures
  2 adders (D:2)
  2 dart slugs (D:1)
  6 ball pythons
  2 bats (D:2)
  6 endoplasms
  2 giant cockroaches (D:2)
  4 hobgoblins
  3 kobolds
  3 quokkas
  A frilled lizard (D:1)
  4 goblins
  2 rats (D:1)
37 creatures vanquished.

Notes
Turn   | Place    | Note
-------+----------+-------------------------------------------
     0 | D:1      | jestert79 the Kobold Berserker began the quest for the Orb.
     0 | D:1      | Reached XP level 1. HP: 14/14 MP: 1/1
   100 | D:1      | Reached skill level 3 in Maces & Flails
   234 | D:1      | Reached XP level 2. HP: 17/19 MP: 2/2
   555 | D:1      | Reached XP level 3. HP: 17/23 MP: 3/3
   660 | D:1      | Found Wieleps's General Store.
   665 | D:1      | Bought a scroll of noise for 14 gold pieces
  1437 | D:2      | Reached skill level 4 in Maces & Flails
  1670 | D:2      | Reached ** piety under Trog
  1750 | D:2      | Reached XP level 4. HP: 28/28 MP: 4/4
  2018 | D:2      | Noticed Natasha
  2028 | D:2      | Slain by Natasha

Illustrated notes

Levels and vault maps discovered:
D:1:      erik_arrival_blinker_ship, layout_loops_ring, serial_shops, shop,
          minmay_tetromino_i4
D:2:      layout_loops_ring, serial_aquarium, aquarium_bridge_square
          [aquarium_subvault_wall, aquarium_subvault_bridge,
          aquarium_subvault_wall, aquarium_subvault_balcony],
          aquarium_window_corridor_2, aquarium_window_1, aquarium_window_fake,
          aquarium_view_2f, serial_bayou_pond_a, uniq_natasha

Skill      XL: |  1  2  3 |
---------------+----------+-----
Maces & Flails | 3 4 |  4.4
Fighting       | |  3.2
Armour         | |  1.5
Dodging        | |  2.4

Action                     |  1- 3 |  4- 6 || total
---------------------------+-------+-------++-------
  Melee: Mace              |    63 |       ||    63
         Flail             |    13 |    18 ||    31
 Invoke: Berserk           |     1 |       ||     1
   Stab: Sleeping          |     6 |     2 ||     8
 Armour: Animal skin       |    26 |    13 ||    39
  Dodge: Dodged            |    48 |     8 ||    56
  Block: Other             |    10 |     2 ||    12

Table legend: (Time is in decaauts)
 A = Elapsed time spent in this place.
 B = Non-inter-level travel time spent in this place.
 C = Inter-level travel time spent in this place.
 D = Time resting spent in this place.
 E = Time spent auto-exploring this place.
 F = Levels seen in this place.
 G = Mean time per level.
                   A        B        C        D        E       F      G
               +--------+--------+--------+--------+--------+-----+--------+
         Total |   2058 |   1946 |    112 |    242 |   1396 |   2 | 1029.0 |
       Dungeon |   2058 |   1946 |    112 |    242 |   1396 |   2 | 1029.0 |
               +--------+--------+--------+--------+--------+-----+--------+

Top non-repeatable levels by time:
     D:1: 1049 daAuts
     D:2: 1008 daAuts
